General information
- name: BNet
- type: Ladder team game (AT/RT)
- host: Battle.net
- saver: TouchpadUserLOL
map: Highperch
- players: 6
- length: 136:05
- speed: Fast
- version: 1.24 W3XP
- replay type: Public
» download(627 KB)
Players
team 1 (winner)
GORILLAISFAG (
green | 18 APM | 2500 actions | 136:04)
3 Warden
2 Shadow Strike
1 Blink
3 Keeper of the Grove
2 Entangling Roots
1 Thorns Aura
» actions
| Assign group hotkey | 22 | |
| Basic commands | 3 | |
| Build / train | 63 | |
| Enter build submenu | 20 | |
| Enter hero's abilities submenu | 6 | |
| Give item / drop item | 2 | |
| Right click | 1100 | |
| Select / deselect | 581 | |
| Select group hotkey | 539 | |
| Use ability | 163 | |
2500 total
» units
| Wisp | 18 | |
| Druid of the Talon | 20 | |
38 total
» upgrades
| Strength of the Wild | 3 | |
| Reinforced Hides | 3 | |
| Druid of the Talon Training | 2 | |
| Mark of the Talon | 1 | |
| Well Spring | 1 | |
| Ultravision | 1 | |
11 total
» buildings
| Altar of Elders | 1 | |
| Moon Well | 10 | |
| Hunter's Hall | 1 | |
| Tree of Ages | 1 | |
| Ancient of Wonders | 1 | |
| Ancient of Wind | 2 | |
| Tree of Eternity | 1 | |
| Tree of Life | 1 | |
18 total
» build order
00:09 Altar of Elders
00:16 Moon Well
01:21 Hunter's Hall
01:51 Moon Well
04:20 Tree of Ages
05:29 Ancient of Wonders
05:47 Moon Well
05:52 Moon Well
07:12 Ancient of Wind
07:16 Ancient of Wind
07:41 Moon Well
08:06 Moon Well
08:16 Tree of Eternity
10:50 Moon Well
14:30 Moon Well
19:06 Tree of Life
27:38 Moon Well
28:10 Moon Well
» items
| Healing Salve | 1 | |
| Scroll of Town Portal | 1 | |
| Orb of Fire | 1 | |
| Scroll of Regeneration | 1 | |
4 total
TouchpadUserLOL (
red | 57 APM | 7690 actions | 136:05)
7 Blademaster
3 Wind Walk
3 Critical Strike
1 Bladestorm
» actions
| Assign group hotkey | 19 | |
| Basic commands | 25 | |
| Build / train | 86 | |
| Enter build submenu | 58 | |
| Enter hero's abilities submenu | 8 | |
| Give item / drop item | 4 | |
| Right click | 5891 | |
| Select / deselect | 920 | |
| Select group hotkey | 30 | |
| Use ability | 647 | |
7690 total
» units
| Peon | 21 | |
| Wind Rider | 7 | |
| Troll Batrider | 11 | |
39 total
» upgrades
| Ranged Weapons | 3 | |
| Armor | 3 | |
| Reinforced Defenses | 1 | |
| Envenomed Spears | 1 | |
| Liquid Fire | 1 | |
9 total
» buildings
| Altar of Storms | 1 | |
| Orc Burrow | 11 | |
| War Mill | 1 | |
| Watch Tower | 31 | |
| Voodoo Lounge | 1 | |
| Stronghold | 3 | |
| Great Hall | 1 | |
| Beastiary | 6 | |
| Fortress | 3 | |
58 total
» build order
00:05 Altar of Storms
00:12 Orc Burrow
00:41 War Mill
02:11 Watch Tower
02:14 Watch Tower
02:42 Orc Burrow
03:03 Watch Tower
03:40 Watch Tower
03:41 Watch Tower
03:43 Watch Tower
04:10 Voodoo Lounge
04:13 Watch Tower
04:38 Watch Tower
04:47 Watch Tower
04:48 Watch Tower
05:08 Watch Tower
05:21 Watch Tower
05:59 Watch Tower
06:02 Watch Tower
06:18 Stronghold
06:18 Stronghold
07:07 Great Hall
07:09 Orc Burrow
07:59 Watch Tower
08:01 Watch Tower
08:03 Watch Tower
08:57 Beastiary
08:59 Beastiary
09:02 Orc Burrow
09:11 Watch Tower
09:45 Fortress
09:45 Fortress
10:22 Orc Burrow
10:59 Orc Burrow
11:25 Orc Burrow
11:26 Orc Burrow
11:46 Orc Burrow
12:19 Watch Tower
12:24 Watch Tower
12:26 Watch Tower
12:34 Watch Tower
18:23 Beastiary
18:29 Beastiary
18:35 Orc Burrow
26:46 Beastiary
26:48 Beastiary
29:23 Orc Burrow
31:09 Watch Tower
31:11 Watch Tower
31:16 Watch Tower
31:18 Watch Tower
31:29 Watch Tower
31:32 Watch Tower
36:40 Watch Tower
36:44 Watch Tower
36:47 Watch Tower
» items
| Dust of Appearance | 1 | |
| Staff of Teleportation | 2 | |
| Healing Salve | 2 | |
| Lesser Clarity Potion | 4 | |
| Boots of Speed | 1 | |
| Tiny Great Hall | 1 | |
| Orb of Lightning | 1 | |
| Scroll of Town Portal | 3 | |
| Mechanical Critter | 1 | |
| Potion of Lesser Invulnerability | 5 | |
21 total
WORTHLESSMINION (
blue | 39 APM | 5303 actions | 136:04)
7 Archmage
3 Blizzard
3 Brilliance Aura
1 Mass Teleport
» actions
| Assign group hotkey | 165 | |
| Basic commands | 9 | |
| Build / train | 117 | |
| ESC pressed | 5 | |
| Enter build submenu | 100 | |
| Enter hero's abilities submenu | 7 | |
| Give item / drop item | 9 | |
| Right click | 2858 | |
| Select / deselect | 846 | |
| Select group hotkey | 707 | |
| Use ability | 478 | |
5303 total
» units
| Peasant | 20 | |
| Dragonhawk Rider | 13 | |
33 total
» upgrades
| Masonry | 3 | |
| Lumber Harvesting | 2 | |
| Swords | 3 | |
| Cloud | 1 | |
| Armor | 2 | |
11 total
» buildings
| Altar of Kings | 2 | |
| Farm | 8 | |
| Lumber Mill | 3 | |
| Scout Tower | 87 | |
| Guard Tower | 48 | |
| Arcane Vault | 3 | |
| Keep | 1 | |
| Town Hall | 2 | |
| Blacksmith | 1 | |
| Castle | 1 | |
| Gryphon Aviary | 2 | |
158 total
» build order
00:04 Altar of Kings
00:06 Farm
00:09 Lumber Mill
01:03 Scout Tower
01:10 Scout Tower
01:31 Scout Tower
01:33 Guard Tower
01:48 Scout Tower
01:53 Scout Tower
02:00 Guard Tower
02:07 Guard Tower
02:14 Guard Tower
02:19 Scout Tower
02:26 Guard Tower
02:29 Scout Tower
02:37 Farm
02:42 Scout Tower
02:44 Scout Tower
02:46 Guard Tower
02:58 Guard Tower
03:36 Guard Tower
03:37 Scout Tower
03:39 Scout Tower
03:51 Scout Tower
03:55 Scout Tower
04:07 Guard Tower
04:34 Arcane Vault
04:36 Scout Tower
04:37 Guard Tower
04:44 Arcane Vault
05:07 Keep
05:10 Guard Tower
05:11 Scout Tower
05:12 Scout Tower
05:39 Town Hall
05:52 Guard Tower
05:53 Scout Tower
05:54 Scout Tower
05:55 Scout Tower
06:21 Blacksmith
06:33 Guard Tower
06:53 Guard Tower
07:02 Farm
07:44 Scout Tower
08:35 Scout Tower
08:37 Scout Tower
08:39 Scout Tower
08:39 Scout Tower
08:47 Guard Tower
08:49 Castle
09:07 Guard Tower
09:16 Gryphon Aviary
10:22 Guard Tower
10:24 Scout Tower
10:34 Gryphon Aviary
10:37 Farm
11:09 Scout Tower
11:10 Scout Tower
11:12 Scout Tower
11:13 Scout Tower
11:38 Guard Tower
11:44 Guard Tower
11:45 Guard Tower
12:07 Guard Tower
12:21 Guard Tower
12:48 Farm
12:49 Farm
12:50 Farm
12:52 Farm
13:33 Lumber Mill
22:57 Town Hall
23:28 Scout Tower
23:48 Guard Tower
23:54 Scout Tower
23:55 Scout Tower
24:09 Scout Tower
24:22 Guard Tower
24:24 Scout Tower
24:55 Guard Tower
24:57 Scout Tower
25:05 Scout Tower
25:06 Scout Tower
25:25 Guard Tower
25:36 Guard Tower
26:27 Arcane Vault
26:31 Scout Tower
26:31 Scout Tower
26:33 Scout Tower
26:36 Scout Tower
26:42 Scout Tower
26:44 Scout Tower
26:47 Scout Tower
26:48 Scout Tower
26:48 Scout Tower
26:52 Scout Tower
27:08 Guard Tower
27:10 Guard Tower
27:11 Guard Tower
27:13 Lumber Mill
27:18 Guard Tower
27:19 Scout Tower
27:21 Scout Tower
27:30 Guard Tower
27:32 Scout Tower
27:36 Scout Tower
27:39 Scout Tower
27:40 Scout Tower
28:05 Guard Tower
28:09 Scout Tower
28:10 Scout Tower
28:15 Guard Tower
28:18 Scout Tower
28:19 Scout Tower
28:25 Scout Tower
28:26 Scout Tower
28:27 Scout Tower
28:30 Scout Tower
28:31 Scout Tower
28:32 Scout Tower
28:43 Scout Tower
28:45 Scout Tower
28:45 Scout Tower
28:46 Scout Tower
28:47 Guard Tower
28:50 Guard Tower
28:53 Scout Tower
28:56 Scout Tower
29:01 Scout Tower
29:01 Scout Tower
29:35 Guard Tower
29:40 Guard Tower
29:44 Scout Tower
29:46 Scout Tower
29:48 Guard Tower
29:50 Scout Tower
29:52 Scout Tower
29:53 Scout Tower
29:53 Scout Tower
29:57 Scout Tower
30:01 Guard Tower
30:02 Guard Tower
30:13 Guard Tower
30:20 Altar of Kings
30:22 Guard Tower
30:26 Scout Tower
30:28 Scout Tower
30:29 Scout Tower
30:30 Guard Tower
30:57 Guard Tower
31:18 Guard Tower
63:18 Scout Tower
63:26 Scout Tower
63:32 Scout Tower
64:13 Guard Tower
68:33 Scout Tower
68:35 Scout Tower
68:36 Scout Tower
69:10 Guard Tower
» items
| Lesser Clarity Potion | 4 | |
| Scroll of Speed | 1 | |
| Healing Salve | 1 | |
| Potion of Healing | 5 | |
| Potion of Mana | 1 | |
| Staff of Teleportation | 1 | |
| Scroll of Town Portal | 2 | |
15 total
team 2 (loser)
2-Dolla (
orange | 45 APM | 5992 actions | 132:02)
7 Death Knight
3 Death Coil
3 Unholy Aura
1 Animate Dead
» actions
| Assign group hotkey | 3 | |
| Basic commands | 31 | |
| Build / train | 77 | |
| Enter build submenu | 22 | |
| Enter hero's abilities submenu | 8 | |
| Give item / drop item | 2 | |
| Right click | 4167 | |
| Select / deselect | 1073 | |
| Select group hotkey | 18 | |
| Use ability | 591 | |
5992 total
» units
| Acolyte | 7 | |
| Ghoul | 6 | |
| Crypt Fiend | 15 | |
| Frost Wyrm | 7 | |
35 total
» upgrades
| Web | 1 | |
| Freezing Breath | 1 | |
| Creature Attack | 2 | |
| Creature Carapace | 2 | |
6 total
» buildings
| Crypt | 1 | |
| Graveyard | 1 | |
| Altar of Darkness | 2 | |
| Ziggurat | 11 | |
| Tomb of Relics | 1 | |
| Halls of the Dead | 2 | |
| Black Citadel | 3 | |
| Sacrificial Pit | 1 | |
| Boneyard | 2 | |
24 total
» build order
00:09 Crypt
00:12 Graveyard
00:17 Altar of Darkness
01:12 Ziggurat
01:47 Tomb of Relics
02:09 Ziggurat
05:49 Halls of the Dead
05:50 Halls of the Dead
05:51 Ziggurat
07:19 Ziggurat
07:21 Ziggurat
08:15 Black Citadel
08:15 Black Citadel
08:20 Sacrificial Pit
08:27 Ziggurat
08:28 Ziggurat
08:30 Ziggurat
10:54 Boneyard
11:00 Boneyard
15:59 Ziggurat
16:01 Ziggurat
94:51 Altar of Darkness
110:19 Ziggurat
» items
| Rod of Necromancy | 4 | |
| Boots of Speed | 1 | |
| Dust of Appearance | 2 | |
| Potion of Healing | 5 | |
| Scroll of Town Portal | 1 | |
| Orb of Corruption | 2 | |
| Potion of Mana | 2 | |
| Staff of Teleportation | 1 | |
18 total
PriMe]TiMe (
purple | 60 APM | 8139 actions | 136:04)
6 Priestess of the Moon
3 Trueshot Aura
2 Scout
1 Starfall
4 Keeper of the Grove
2 Entangling Roots
1 Force of Nature
1 Thorns Aura
» actions
| Assign group hotkey | 82 | |
| Basic commands | 264 | |
| Build / train | 140 | |
| ESC pressed | 7 | |
| Enter build submenu | 64 | |
| Enter hero's abilities submenu | 11 | |
| Give item / drop item | 8 | |
| Right click | 3387 | |
| Select / deselect | 1522 | |
| Select group hotkey | 2096 | |
| Use ability | 558 | |
8139 total
» units
| Wisp | 71 | |
| Huntress | 2 | |
| Glaive Thrower | 13 | |
| Chimaera | 6 | |
| Druid of the Talon | 8 | |
100 total
» upgrades
| Strength of the Moon | 1 | |
| Strength of the Wild | 2 | |
| Reinforced Hides | 2 | |
| Hippogryph Taming | 1 | |
| Druid of the Talon Training | 1 | |
| Vorpal Blades | 1 | |
| Ultravision | 1 | |
| Nature's Blessing | 1 | |
| Corrosive Breath | 1 | |
11 total
» buildings
| Altar of Elders | 2 | |
| Moon Well | 6 | |
| Hunter's Hall | 1 | |
| Ancient of War | 2 | |
| Tree of Life | 5 | |
| Ancient Protector | 27 | |
| Tree of Ages | 4 | |
| Ancient of Wind | 4 | |
| Tree of Eternity | 2 | |
| Ancient of Wonders | 2 | |
| Chimaera Roost | 3 | |
58 total
» build order
00:08 Altar of Elders
00:11 Altar of Elders
00:18 Moon Well
01:38 Hunter's Hall
01:41 Ancient of War
02:04 Ancient of War
02:15 Moon Well
02:34 Moon Well
04:25 Moon Well
08:12 Tree of Life
10:06 Tree of Life
10:24 Ancient Protector
10:25 Ancient Protector
10:27 Ancient Protector
10:27 Ancient Protector
10:28 Ancient Protector
10:29 Ancient Protector
11:59 Ancient Protector
12:28 Ancient Protector
12:31 Ancient Protector
12:49 Tree of Ages
12:49 Tree of Ages
12:49 Tree of Ages
13:01 Ancient Protector
13:02 Ancient Protector
15:15 Ancient of Wind
15:16 Ancient of Wind
15:51 Ancient of Wind
15:57 Ancient of Wind
16:06 Moon Well
16:11 Moon Well
17:22 Tree of Eternity
18:38 Ancient of Wonders
18:40 Ancient of Wonders
22:20 Tree of Life
25:44 Ancient Protector
25:46 Ancient Protector
25:49 Ancient Protector
25:52 Ancient Protector
25:59 Ancient Protector
26:00 Ancient Protector
26:02 Ancient Protector
26:09 Ancient Protector
27:38 Tree of Ages
29:51 Tree of Life
29:56 Ancient Protector
29:58 Ancient Protector
29:59 Ancient Protector
30:01 Ancient Protector
30:08 Ancient Protector
30:09 Ancient Protector
30:13 Ancient Protector
30:20 Ancient Protector
31:15 Tree of Life
31:54 Tree of Eternity
43:23 Chimaera Roost
43:25 Chimaera Roost
43:29 Chimaera Roost
» items
| Potion of Lesser Invulnerability | 1 | |
| Scroll of Healing | 1 | |
| Scroll of Town Portal | 1 | |
| Staff of Teleportation | 3 | |
| Boots of Speed | 1 | |
| Lesser Clarity Potion | 2 | |
9 total
sNap- (
pink | 53 APM | 4268 actions | 80:14)
7 Tauren Chieftain
2 War Stomp
2 Endurance Aura
2 Shockwave
1 Reincarnation
» actions
| Assign group hotkey | 45 | |
| Basic commands | 341 | |
| Build / train | 97 | |
| ESC pressed | 4 | |
| Enter build submenu | 29 | |
| Enter hero's abilities submenu | 7 | |
| Give item / drop item | 12 | |
| Right click | 1629 | |
| Select / deselect | 754 | |
| Select group hotkey | 1135 | |
| Use ability | 215 | |
4268 total
» units
| Peon | 8 | |
| Troll Headhunter/Berserker | 9 | |
| Troll Batrider | 49 | |
66 total
» upgrades
| Ranged Weapons | 1 | |
| Troll Regeneration | 1 | |
| Armor | 2 | |
| Liquid Fire | 1 | |
| Berserker Upgrade | 1 | |
| Reinforced Defenses | 1 | |
| Spiked Barricades | 2 | |
9 total
» buildings
| Orc Burrow | 8 | |
| Altar of Storms | 1 | |
| War Mill | 1 | |
| Barracks | 1 | |
| Voodoo Lounge | 1 | |
| Watch Tower | 12 | |
| Stronghold | 1 | |
| Beastiary | 3 | |
| Fortress | 1 | |
29 total
» build order
00:07 Orc Burrow
00:20 Altar of Storms
00:53 War Mill
01:04 Barracks
01:42 Orc Burrow
02:02 Voodoo Lounge
02:43 Watch Tower
03:30 Orc Burrow
04:10 Stronghold
04:47 Orc Burrow
06:47 Beastiary
06:51 Beastiary
06:58 Fortress
07:55 Orc Burrow
12:35 Orc Burrow
12:39 Watch Tower
14:20 Orc Burrow
15:47 Beastiary
19:07 Orc Burrow
31:32 Watch Tower
31:36 Watch Tower
31:38 Watch Tower
31:40 Watch Tower
31:42 Watch Tower
32:38 Watch Tower
33:03 Watch Tower
33:05 Watch Tower
34:19 Watch Tower
34:21 Watch Tower
» items
| Scroll of Speed | 2 | |
| Lesser Clarity Potion | 4 | |
| Healing Salve | 2 | |
| Orb of Lightning | 1 | |
| Potion of Healing | 1 | |
| Dust of Appearance | 1 | |
| Potion of Mana | 1 | |
12 total
Chat log
(05:30 / Allies) WORTHLESSMINION: wood
(07:11 / Allies) WORTHLESSMINION: wood please
(07:13 / Allies) WORTHLESSMINION: start pumpin dotts too jennay
(07:17 / Allies) WORTHLESSMINION: need em with crow
(09:25 / Allies) WORTHLESSMINION: wood?
(36:19 / Allies) TouchpadUserLOL: Welcome to camp highperch, please enjoy your stay.
(39:26 / All) GORILLAISFAG: Welcome to camp highperch. please enjoy your stay.
(39:37 / All) PriMe]TiMe: u like 2 hour long games
(39:48 / All) WORTHLESSMINION: u like to abuse.h
(39:49 / All) WORTHLESSMINION: mh
(40:00 / All) PriMe]TiMe: rofl
(40:01 / All) sNap-: terrible fucking arabs
(40:05 / All) PriMe]TiMe: i hate 2 hour losses but u likem
(40:24 / All) TouchpadUserLOL: peace bro
(40:28 / All) TouchpadUserLOL: smell you later
(47:08 / All) WORTHLESSMINION: you shoulda added drop hack to ur abuse and mh
(47:13 / All) WORTHLESSMINION: mighta actually won this
(47:16 / All) sNap-: NERDRAGE
(47:19 / All) PriMe]TiMe: lol
(47:25 / All) PriMe]TiMe: we will win this
(47:38 / Allies) GORILLAISFAG: hey i am on phone
(47:43 / Allies) TouchpadUserLOL: np
(50:41 / All) TouchpadUserLOL: lol you weiners jsut blew it
(50:47 / All) GORILLAISFAG: LMAO
(51:01 / All) TouchpadUserLOL: gtfo fag
(51:08 / All) sNap-: can tell u use touchpad
(51:10 / All) sNap-: ur micro was terrible
(51:14 / All) TouchpadUserLOL: nice stome
(51:16 / All) TouchpadUserLOL: stomp
(51:17 / All) TouchpadUserLOL: o wait
(51:20 / All) TouchpadUserLOL: there was none
(51:23 / All) sNap-: what is stome
(51:26 / All) sNap-: arab term?
(51:42 / All) TouchpadUserLOL: i live in a house made of mud
(51:45 / All) TouchpadUserLOL: and im still raping you
(51:55 / All) TouchpadUserLOL: my internet connection is 12 kbps
(51:59 / All) TouchpadUserLOL: signal carried via camel
(52:03 / All) TouchpadUserLOL: to a giant tower
(52:05 / All) TouchpadUserLOL: 50 miles away
(52:09 / All) TouchpadUserLOL: yet you still failed vs me
(55:01 / Allies) GORILLAISFAG: did they kill the pig?
(60:35 / All) TouchpadUserLOL: lolumad?
(60:37 / All) TouchpadUserLOL: purple?
(60:39 / All) TouchpadUserLOL: the main fag?
(60:47 / All) PriMe]TiMe: lol not at all
(60:54 / All) PriMe]TiMe: i get to sit back roll a blunt and let them play
(60:54 / All) PriMe]TiMe: :)
(60:56 / All) TouchpadUserLOL: your little virgin face is turning red
(60:58 / All) TouchpadUserLOL: from anger
(61:17 / All) TouchpadUserLOL: you realize that your abused ELL account with inflated stats won't make you look as good after this loss
(61:22 / All) GORILLAISFAG: hey ima run to the store don't have to much fun while I am away
(61:28 / All) TouchpadUserLOL: same lol
(61:34 / All) TouchpadUserLOL: ima eat
(61:36 / All) TouchpadUserLOL: come back
(61:38 / All) TouchpadUserLOL: surf /b/
(61:42 / All) TouchpadUserLOL: jerk off
(61:44 / All) TouchpadUserLOL: smoke
(61:48 / All) TouchpadUserLOL: and come back to a victory screen
(65:37 / All) WORTHLESSMINION: lol
(65:46 / All) TouchpadUserLOL: too funny
(71:06 / All) WORTHLESSMINION: you mad, bro?
(71:18 / All) sNap-: mad we winning? yeah im pissed
(74:34 / All) TouchpadUserLOL: 3 for 1
(74:37 / All) TouchpadUserLOL: is there a sale going on?
(80:10 / Allies) WORTHLESSMINION:
(80:27 / All) WORTHLESSMINION: cya
(80:32 / All) PriMe]TiMe: he dc
(80:37 / All) WORTHLESSMINION: textbook PP
(81:20 / All) TouchpadUserLOL: LOL SUM1S MAYD
(82:36 / All) TouchpadUserLOL: lol no shame
(82:38 / All) TouchpadUserLOL: no shame at all
(82:44 / All) TouchpadUserLOL: don't even try to hide it lol
(83:20 / All) TouchpadUserLOL: nice micro
(83:21 / All) WORTHLESSMINION: i already have the "report a player" page open on battlenet
(83:28 / All) WORTHLESSMINION: cant wait to post this replay
(86:51 / All) WORTHLESSMINION: this is so funny
(87:15 / All) WORTHLESSMINION: wc3replays.com
(87:28 / All) PriMe]TiMe: I can go there to watch more 2hour games?
(87:30 / All) GORILLAISFAG: :) hacking is so common now-a-days. how sad.
(87:44 / All) PriMe]TiMe: good thing new patch comes out
(87:48 / All) WORTHLESSMINION: you can play a 2 hour game, but it only takes one blatant move to show you mh
(87:49 / All) WORTHLESSMINION: rofl
(87:59 / All) WORTHLESSMINION: and youve given up trying to hide it
(101:08 / All) WORTHLESSMINION: there used to be a gay club in my college town called prime tim
(101:09 / All) WORTHLESSMINION: time*
(101:17 / All) PriMe]TiMe: you wouldn no
(101:21 / All) TouchpadUserLOL: MAKES SENSE LOL
(101:22 / All) GORILLAISFAG: i love beating obvious map hackers. :)
(101:31 / All) PriMe]TiMe: u guys obv map hack
(101:40 / All) TouchpadUserLOL: ROFL were better than you
(101:50 / All) GORILLAISFAG: lmao. sir i believe you mean yourselves are hackers
(101:52 / All) GORILLAISFAG: clearly
(108:49 / All) WORTHLESSMINION: lol
(110:53 / Allies) WORTHLESSMINION: wanna play a hon?
(111:29 / All) WORTHLESSMINION: afk gonna go play a hon
(111:31 / All) TouchpadUserLOL: so when did you turn on maphack? right at the beginning and hide it? or after you started to get clowned.
(111:37 / All) TouchpadUserLOL: j/w
(130:44 / All) WORTHLESSMINION: rofl
(130:47 / All) GORILLAISFAG: LMAO
(130:55 / All) TouchpadUserLOL: no shame
(130:56 / All) TouchpadUserLOL: like i said
(130:58 / All) TouchpadUserLOL: lol
(130:59 / All) TouchpadUserLOL: no shame
(132:02 / All) WORTHLESSMINION: why do you bother with the owls?
(132:06 / All) GORILLAISFAG: GEEGEE
(132:09 / All) WORTHLESSMINION: 2ez
(132:09 / All) GORILLAISFAG: HACKING TRASH
(132:13 / All) GORILLAISFAG: 2ez
(132:16 / All) WORTHLESSMINION: too ez
(132:18 / All) TouchpadUserLOL: 2ez
(132:22 / All) TouchpadUserLOL: 2ez
(132:25 / All) TouchpadUserLOL: 2 ez
(132:29 / All) GORILLAISFAG: 2ez
(132:31 / All) WORTHLESSMINION: worthless minion
(132:31 / All) TouchpadUserLOL: 2ez
(132:36 / All) TouchpadUserLOL: 2 e z
(132:41 / All) GORILLAISFAG: my new account will be dedicated to
(132:47 / All) GORILLAISFAG: primetimeisfag
(133:23 / Allies) WORTHLESSMINION: primetimehacks
(133:26 / All) TouchpadUserLOL: i like that one
(133:32 / All) WORTHLESSMINION: prime]time[hacks
(133:33 / All) GORILLAISFAG: :D
(133:35 / All) TouchpadUserLOL: how about
(133:35 / All) WORTHLESSMINION: i like it
(133:38 / All) TouchpadUserLOL: primetimerages
(133:43 / All) TouchpadUserLOL: or
(133:45 / All) WORTHLESSMINION: primetimevirgin
(133:46 / All) TouchpadUserLOL: primetimevirgin
(133:47 / All) TouchpadUserLOL: YEA
(133:48 / All) TouchpadUserLOL: JINX
(133:54 / All) WORTHLESSMINION: JINX tehehe
(134:12 / All) WORTHLESSMINION: primetimefatvirginhackerwhosucksatWC3
(134:15 / All) WORTHLESSMINION: too long?
(134:22 / All) TouchpadUserLOL: i like that one the best
(134:29 / All) GORILLAISFAG: :D
(134:36 / Allies) TouchpadUserLOL: vision